 Dungeon Crawl Stone Soup version 0.30-a0-728-gc68057be0a (webtiles) character file.

Game seed: 13312920579434902038

2625 Dittersdorf the Covered (level 9, -13/58 HPs)
             Began as a Gargoyle Fighter on Jan 31, 2023.
             Was a Believer of Okawaru.
             Mangled by an orc warrior
             ... wielding a +0 dire flail
              (20 damage)
             ... on level 7 of the Dungeon.
             The game lasted 00:11:40 (5311 turns).

Dittersdorf the Covered (Gargoyle Fighter)          Turns: 5311, Time: 00:11:41

Health: -13/58     AC: 18    Str: 24    XL:     9   Next: 60%
Magic:  9/9        EV: 13    Int:  9    God:    Okawaru [**....]
Gold:   428        SH:  6    Dex: 15    Spells: 8/8 levels left

rFire   . . .      SeeInvis .    s - +4 flail
rCold   . . .      Faith    .    c - +0 buckler
rNeg    + . .      Spirit   .    i - +0 chain mail
rPois   ∞          Reflect  .    x - +0 helmet
rElec   +          Harm     .    (no cloak)
rCorr   .          Rampage  .    (no gloves)
Will    .....                    (no boots) Stlth
                                 k - amulet of regeneration
HPRegen 1.09/turn                m - +6 ring of dexterity
MPRegen 0.11/turn                q - +5 ring of evasion

@: no status effects
A: sickness immunity, AC +6, negative energy resistance 1, electricity
resistance, torment resistance 1, petrification resistance
a: Renounce Religion, Heroism


You were on level 7 of the Dungeon.
You worshipped Okawaru.
Okawaru was pleased with you.
You visited 2 branches of the dungeon, and saw 8 of its levels.

You collected 428 gold pieces.

Inventory:

Hand Weapons
 s - a +4 flail (weapon)
Missiles
 o - a poisoned dart (quivered)
Armour
 c - a +0 buckler (worn)
 i - a +0 chain mail (worn)
 x - a +0 helmet (worn)
Jewellery
 k - an amulet of regeneration (around neck)
 m - a +6 ring of dexterity (left hand)
 q - a +5 ring of evasion (right hand)
 u - an amulet of reflection
Scrolls
 b - a scroll of blinking {unknown}
 e - a scroll of silence {unknown}
 f - a scroll of magic mapping {unknown}
 g - a scroll of teleportation {unknown}
 h - a scroll of poison
 j - a scroll of fear
 p - a scroll of enchant weapon
 t - a scroll of fog
Potions
 a - 2 potions of curing {unknown}
 d - 2 potions of might
 l - a potion of berserk rage
 n - 3 potions of mutation
 r - a potion of heal wounds
 v - 4 potions of flight
 w - a potion of brilliance {unknown}
 z - a potion of haste


   Skills:
 + Level 7.7 Fighting
 + Level 6.6 Maces & Flails
 + Level 7.8 Armour
 + Level 7.7 Shields


You had 8 spell levels left.
You didn't know any spells.
Your spell library was empty.

Dungeon Overview and Level Annotations

Branches:
Dungeon (7/15)             Temple (1/1) D:6

Altars:
Cheibriados
Elyvilon
Fedhas
Hepliaklqana
Makhleb
Nemelex Xobeh
Okawaru
Qazlal
Vehumet
The Shining One

Annotations:
D:3 3 runed translucent doors, AverageBear's ghost, amateur OpTm
D:6 1 runed translucent door, THTSBRD's ghost, novice DjGl


Innate Abilities, Weirdness & Mutations

You are immune to sickness and miasma.
Your stone body is resilient. (AC +6)
You are immune to poison.
You resist negative energy. (rN+)
You are resistant to electric shocks. (rElec)
You are resistant to unholy torment.
You are immune to petrification.


Message History

You sock the centaur!
You kill the centaur!
Okawaru accepts your kill.
The orc warrior hits you but does no damage.
The orc warrior barely misses you.
You sock the orc warrior!
The orc warrior is moderately wounded.
You block the orc warrior's attack.
You closely miss the orc warrior.
The orc warrior is moderately wounded.
The orc warrior hits you with a +0 dire flail!!
The orc warrior completely misses you.
You are too injured to fight recklessly!
You are too injured to fight recklessly!
You are too injured to fight recklessly!
You are too injured to fight recklessly!
You are too injured to fight recklessly!
You are too injured to fight recklessly!
You are too injured to fight recklessly!
You are too injured to fight recklessly!
You are too injured to fight recklessly!
You are too injured to fight recklessly!
You are too injured to fight recklessly!
You are too injured to fight recklessly!
You are too injured to fight recklessly!
You are too injured to fight recklessly!
You are too injured to fight recklessly!
You are too injured to fight recklessly!
You are too injured to fight recklessly!
You hit the orc warrior.
The orc warrior is moderately wounded.
The orc warrior hits you with a +0 dire flail.
You hit the orc warrior.
The orc warrior is moderately wounded.
The orc warrior hits you with a +0 dire flail!
* * * LOW HITPOINT WARNING * * *
The orc warrior barely misses you.
The orc warrior attacks as you move away!
The orc warrior hits you with a +0 dire flail!!
You die...

..# #. #.## # #. #...
#.#. #.## ##.#. ###
#.# ..#.... ..# ##.##
..... #.# ##...#
###.)########.###.###.
#...o@....$...##.## ##
###..#####....)..# #
#.. #.##.##.# # #..
#.........# #. #..
#..##.####...# #..
#..##.# ### ...
....##.# #>. .......#
###


You could see an orc warrior (berserk).

Vanquished Creatures
  A cyclops (D:6)
  Menkaure (D:6)
  2 water moccasins (D:6)
  2 black bears
  Pargi (D:3)
  2 ogres (D:5)
  A centaur (D:7)
  2 necrophages (D:6)
  3 scorpions
  6 wights
  2 orc priests (D:7)
  6 hounds
  A jelly (D:7)
  6 orc wizards
  4 iguanas
  Robin (D:4)
  8 gnolls
  5 adders
  3 white imps (D:6)
  2 worms
  2 dart slugs
  18 orcs
  9 endoplasms
  4 giant cockroaches
  15 goblins
  8 hobgoblins
  6 quokkas
  8 ball pythons
  11 bats
  2 frilled lizards (D:1)
  10 kobolds
  3 rats
155 creatures vanquished.

Vanquished Creatures (others)
  2 fungi (D:3)
  2 plants (D:3)
4 creatures vanquished.

Grand Total: 159 creatures vanquished

Notes
Turn   | Place    | Note
-------+----------+-------------------------------------------
     0 | D:1      | Dittersdorf the Gargoyle Fighter began the quest for the
                  | Orb.
     0 | D:1      | Reached XP level 1. HP: 14/14 MP: 1/1
   195 | D:1      | Reached XP level 2. HP: 19/19 MP: 2/2
   391 | D:1      | Reached XP level 3. HP: 14/23 MP: 3/3
   489 | D:1      | Found a faded altar of an unknown god.
   831 | D:1      | Found a large runed translucent door.
   831 | D:1      | Found a large runed translucent door.
  1240 | D:2      | Reached XP level 4. HP: 28/29 MP: 4/4
  1990 | D:3      | Found a hazy altar of Hepliaklqana.
  1990 | D:3      | Found a glowing golden altar of the Shining One.
  2062 | D:3      | Found a white marble altar of Elyvilon.
  2140 | D:3      | Noticed Pargi
  2152 | D:3      | Killed Pargi
  2153 | D:3      | Reached XP level 5. HP: 34/34 MP: 5/5
  2312 | D:3      | Found a runed translucent gate.
  2312 | D:3      | Found a runed translucent gate.
  2312 | D:3      | Found a runed translucent gate.
  2314 | D:3      | Noticed AverageBear's ghost (amateur OpTm)
  2318 | D:3      | Noticed a kobold brigand
  2597 | D:3      | Reached XP level 6. HP: 32/39 MP: 6/6
  2745 | D:4      | Noticed Robin
  2801 | D:4      | Killed Robin
  3067 | D:4      | You fall into a shaft and drop 1 floor!
  3067 | D:5      | Entered Level 5 of the Dungeon
  3068 | D:5      | yay!
  3075 | D:5      | Reached skill level 5 in Fighting
  3075 | D:5      | Reached skill level 5 in Armour
  3075 | D:5      | Reached skill level 5 in Shields
  3075 | D:5      | Reached XP level 7. HP: 38/44 MP: 7/7
  3327 | D:4      | Found a radiant altar of Vehumet.
  3937 | D:6      | Found a staircase to the Ecumenical Temple.
  3945 | Temple   | Entered the Ecumenical Temple
  3954 | Temple   | Reached XP level 8. HP: 51/51 MP: 8/8
  3967 | Temple   | Became a worshipper of Warmaster Okawaru
  4110 | D:6      | Reached skill level 5 in Maces & Flails
  4424 | D:6      | Found a runed translucent door.
  4424 | D:6      | Noticed THTSBRD's ghost (novice DjGl)
  4455 | D:6      | Noticed Menkaure
  4467 | D:6      | Killed Menkaure
  4715 | D:6      | Found a burning altar of Makhleb.
  4750 | D:6      | Reached * piety under Okawaru
  4751 | D:6      | Reached XP level 9. HP: 56/56 MP: 9/9
  4826 | D:6      | Noticed a cyclops
  4841 | D:6      | Killed a cyclops
  5280 | D:7      | Reached ** piety under Okawaru
  5311 | D:7      | Mangled by an orc warrior

Illustrated notes

###
##..
#..#
#..##
#.@.#
#....#
#.....#
#.....#
#....##
#...##
#..##
#..#


Turn 3068 on D:5: yay!

Levels and vault maps discovered:
D:1:      erik_arrival_cave_to_civilisation [erik_arrival_cave_to_temple],
          layout_basic, serial_rivers, chequers_serial_rivers_small_a,
          chequers_serial_rivers_room_a, chequers_serial_rivers_small_3,
          chequers_serial_rivers_marsh, chequers_serial_rivers_room_a,
          shapermc_ecumenical_altar_venn, minivault_26
D:2:      layout_rooms, st_stairs_7, minmay_tall_x
D:3:      layout_basic, chequers_temple_overflow_statue_of_worship,
          nicolae_elyvilon_peaceful_grove, gammafunk_ghost_nasty_kobolds,
          uniq_pargi
D:4:      layout_rooms, mainiacjoe_overflow_alcove_2, uniq_robin
D:5:      layout_basic, serial_rivers, chequers_serial_rivers_micro_c,
          chequers_serial_rivers_micro_a, chequers_serial_rivers_micro_c,
          chequers_serial_rivers_room_b, chequers_serial_rivers_room_a,
          minivault_19
D:6:      layout_basic, general_overflow_altar, minmay_temple_entry_large_hall,
          ebering_ghost_sewer_d, minmay_increasing_density, uniq_menkaure
D:7:      layout_loops_ring, grunt_gozag_statues, uniq_duvessa
Temple:   chequers_temple_sunken

Skill      XL: |  1  2  3  4  5  6  7  8  9 |
---------------+----------------------------+-----
Armour         | 4 5 6 7 |  7.8
Fighting       | 4 5 6 7 |  7.7
Shields        | 4 5 6 7 |  7.7
Maces & Flails | 3 4 5 6 |  6.6

Action                     |  1- 3 |  4- 6 |  7- 9 || total
---------------------------+-------+-------+-------++-------
  Melee: Flail             |   127 |   237 |   275 ||   639
  Throw: Dart              |       |     2 |     1 ||     3
 Invoke: Heroism           |       |       |     1 ||     1
    Use: Scroll            |       |     6 |     5 ||    11
 Armour: Scale mail        |    78 |    28 |       ||   106
         Chain mail        |       |   162 |   173 ||   335
  Dodge: Dodged            |    96 |   196 |   185 ||   477
  Block: Buckler           |    40 |    89 |    79 ||   208

Table legend: (Time is in decaauts)
 A = Elapsed time spent in this place.
 B = Non-inter-level travel time spent in this place.
 C = Inter-level travel time spent in this place.
 D = Time resting spent in this place.
 E = Time spent auto-exploring this place.
 F = Levels seen in this place.
 G = Mean time per level.
                   A        B        C        D        E       F      G
               +--------+--------+--------+--------+--------+-----+--------+
         Total |   5482 |   5093 |    389 |    308 |   3445 |   8 |  685.2 |
       Dungeon |   5425 |   5046 |    379 |    308 |   3445 |   7 |  775.0 |
        Temple |     56 |     46 |     10 |      0 |      0 |   1 |   56.0 |
               +--------+--------+--------+--------+--------+-----+--------+

Top non-repeatable levels by time:
     D:1: 1319 daAuts
     D:6: 1087 daAuts
     D:3: 876 daAuts
     D:5: 805 daAuts
     D:2: 564 daAuts
     D:4: 515 daAuts
     D:7: 258 daAuts
  Temple: 56 daAuts
